 Dungeon Crawl Stone Soup version 0.21.0-3-g78d12a8 (webtiles) character file.

598785 Jatast the Hoplite (level 25, -3/252 HPs)
             Began as a Deep Dwarf Monk on Jan 12, 2018.
             Was the Champion of Makhleb.
             Slain by a wandering mushroom (7 damage)
             ... summoned by a curse toe
             ... on level 1 of the Realm of Zot.
             The game lasted 04:39:38 (57196 turns).

Jatast the Hoplite (Deep Dwarf Monk)               Turns: 57196, Time: 04:39:39

Health: -3/252     AC: 44    Str: 23    XL:     25   Next: 89%
Magic:  31/31      EV: 13    Int: 13    God:    Makhleb [******]
Gold:   5463       SH: 36    Dex: 18    Spells: 24/24 levels left

rFire    + + .     SeeInvis +   a - +9 demon blade (elec)
rCold    + . .     Gourm    .   z - +10 large shield of Ignorance {rN+ Int-4}
rNeg     + + .     Faith    .   p - +8 gold dragon scales
rPois    +         Spirit   .   x - +2 helmet {SInv}
rElec    +         Reflect  +   l - scarf {rC+ rF+}
rCorr    +         Harm     .   g - +2 pair of gloves {Dex+3}
MR       ++++.     Rnd*Tele +   f - +2 pair of boots of Pipnomug {MR+ Stlth+}
Stlth    ..........             h - amulet of Autotheism {Reflect rElec rC- Int-3 SH+2 SInv}
HPRegen  0.00/turn              y - ring of resist corrosion
MPRegen  0.22/turn              v - ring of Keyx {+Inv Int+5}

@: non-regenerating, slowed, drained, very slow
A: damage resistance, heal wounds, blurry vision 1, negative energy resistance
1, sense surroundings 3, teleportitis 1, no regeneration
}: 4/15 runes: serpentine, barnacled, slimy, abyssal
a: Heal Wounds, Minor Destruction, Lesser Servant of Makhleb, Major Destruction,
Greater Servant of Makhleb, Renounce Religion, Evoke Invisibility


You were on level 1 of the Realm of Zot.
You worshipped Makhleb.
Makhleb was exalted by your worship.
You were not hungry.

You visited 11 branches of the dungeon, and saw 50 of its levels.
You visited the Abyss 1 time.
You also visited: Labyrinth, Trove, Bailey, Ice Cave and Volcano.

You collected 6365 gold pieces.
You spent 902 gold pieces at shops.

Inventory:

Hand Weapons
 a - a +9 demon blade of electrocution (weapon)
 U - a +7 quick blade
Missiles
 O - 5 throwing nets
 X - 20 tomahawks of returning (quivered)
Armour
 f - the +2 pair of boots of Pipnomug (worn) {MR+ Stlth+}
   (You found it in a treasure trove)

   It affects your resistance to hostile enchantments.
   It makes you more stealthy.
 g - a +2 pair of gloves of dexterity (worn)
 l - a scarf of resistance (worn)
 p - +8 gold dragon scales (worn)
 x - a +2 helmet of see invisible (worn)
 z - the +10 large shield of Ignorance (worn) {rN+ Int-4}
   (You found it in a treasure trove)

   It affects your intelligence (-4).
   It protects you from negative energy.
Jewellery
 h - the amulet of Autotheism (around neck) {Reflect rElec rC- Int-3 SH+2 SInv}
   (You found it on level 3 of the Lair of Beasts)

   [amulet of reflection]

   It shields you and reflects attacks.
   It affects your intelligence (-3).
   It makes you vulnerable to cold.
   It insulates you from electricity.
   It lets you see invisible.
   It affects your SH (+2).
 m - the ring of Dyajeug {rF++ Stlth+}
   (You found it on level 2 of the Depths)

   [ring of stealth]

   It greatly protects you from fire.
   It makes you more stealthy.
 t - a cursed ring of loudness {unknown}
 v - the ring of Keyx (right hand) {+Inv Int+5}
   (You found it on level 5 of the Pits of Slime)

   [ring of intelligence]

   It affects your intelligence (+5).
   It lets you turn invisible.
 y - a ring of resist corrosion (left hand)
 F - an uncursed ring of flight {unknown}
 I - an uncursed ring of ice
Wands
 e - a wand of digging (25)
 D - a wand of iceblast (73)
 H - a wand of paralysis (13)
 J - a wand of clouds (1)
 T - a wand of acid (18)
Scrolls
 i - 8 scrolls of immolation
 k - 14 scrolls of magic mapping
 n - 3 scrolls of silence
 o - 14 scrolls of remove curse
 u - 21 scrolls of teleportation
 w - 5 scrolls of fog
 K - 2 scrolls of holy word
 M - 4 scrolls of identify
 P - a scroll of summoning
 Q - 3 scrolls of blinking
 R - 8 scrolls of fear
Potions
 b - 20 potions of curing
 d - 6 potions of flight
 j - 6 potions of invisibility
 r - 9 potions of heal wounds
 s - 8 potions of lignification
 A - 4 potions of might
 B - 5 potions of mutation
 C - 2 potions of resistance
 G - 4 potions of haste
 N - 5 potions of ambrosia
 S - 4 potions of cancellation
 V - 6 potions of brilliance
 Y - 3 potions of agility
 Z - 5 potions of berserk rage
Miscellaneous
 E - a phantom mirror
Comestibles
 c - 48 rations
 q - 7 chunks of flesh


   Skills:
 + Level 19.9(19.8) Fighting
 - Level 16.0(15.8) Long Blades
   Level 5.2(5.1) Axes
 - Level 6.0(5.8) Throwing
 + Level 22.4(22.2) Armour
 - Level 14.2(14.1) Dodging
 - Level 2.4(2.3) Stealth
 + Level 22.7(22.5) Shields
 - Level 20.0(19.8) Invocations
 - Level 12.0(11.8) Evocations


You had 24 spell levels left.
You didn't know any spells.

Dungeon Overview and Level Annotations

Branches:
Dungeon (15/15)            Temple (1/1) D:5            Lair (6/6) D:9
 Shoals (4/4) Lair:2        Snake (4/4) Lair:2        Slime (5/5) Lair:5
    Orc (2/2) D:12            Elf (3/3) Orc:2        Vaults (4/5) D:14
  Crypt (0/3) Vaults:2     Depths (5/5) D:15            Zot (1/5) Depths:5

Altars:
Ashenzari
Cheibriados
Dithmenos
Elyvilon
Fedhas
Gozag
Hepliaklqana
Kikubaaqudgha
Makhleb
Nemelex Xobeh
Okawaru
Qazlal
Ru
Sif Muna
Trog
Uskayaw
Vehumet
Wu Jian
Xom
Yredelemnul
Zin
The Shining One
Beogh
Jiyva

Shops:
Orc:1 ?   Orc:2 ([*(%%*[   Elf:1 =   Elf:2 *[(   Elf:3 :   Shoals:3 ?
Snake:4 *:   Depths:4 ==}

Portals:
Hell: Depths:1 Depths:2 Depths:3 Depths:4 Depths:5
Abyss: Depths:4
Pandemonium: Depths:3
Ziggurat: Depths:1

Annotations:
Lair:1 exclusion: oklob plant


Innate Abilities, Weirdness & Mutations

You are resistant to damage.
You can heal yourself by infusing magical energy.
You resist negative energy. (rN+)
You passively map a large area around you.
You do not regenerate.
Scrolls take you a little longer to read.
You are occasionally teleported next to monsters.


Message History

Your blink will be uncontrolled - continue anyway?
Really read with blurry vision while enemies are nearby?
You block the death cob's attack. x2
The purple draconian hits you but does no damage.
You begin reading the scroll.
You continue reading the scroll.
You block the death cob's attack. x2; The death cob hits you!
* * * LOW HITPOINT WARNING * * *
The death cob drains your vigour!
You feel as though you will be slow longer.
The deathcap draws from the surrounding life force!
The wandering mushroom releases spores at you but does no damage.
You block the wandering mushroom's attack.
The wandering mushroom closely misses you.
You riposte.
You hit the wandering mushroom.
Lightning courses through the wandering mushroom!
The wandering mushroom is heavily damaged.
You block the purple draconian's attack.
The death cob closely misses you.
The wandering mushroom releases spores at you!
You die...

####.########*,,,,,*,,,,,#.§†)§
#............*#,,,***,,,*##.§§#
#.##.########,.#### **##* ####.
#.##.# *##...##*..[*##...#
#.##.# #.....#..$.,#.....
#.##.# #.f§..'...§,#.....
#.##.# #fddz.#,,,,,#.....
#.##.# ###zdD#**,,,*##...#
#.##.# #f@#### ##### ####.
###.##.######
#f#ff.###...###...#
#...#.......#
##.ff..#.....#.....
..#.......#.#
#.....#.^...#.....
###.##..#.#.##
#.....#.....#.....
#...##..#.#..#
##...#.#...#.#...#
#.#.##..#....#
#####.#####.#####
..####≈≈####.# #..,,,..#
#....≈..≈....# ####*####


You could see a shadow dragon, a yellow draconian, 2 draconians, a curse toe, a
death cob, 3 deathcaps and 4 wandering mushrooms.

Vanquished Creatures
  the Royal Jelly (Slime:5)
  An ancient lich (Depths:3)
  A juggernaut (Depths:2)
  Sojobo (Vaults:2)
  Margery (Vaults:2)
  7 caustic shrikes (Depths:5)
  5 golden dragons
  A bone dragon (Depths:5)
  Jorgrun (Depths:3)
  An electric golem (Zot:1)
  3 tentacled monstrosities
  A Hell Sentinel (Abyss:4)
  Rupert (D:13)
  5 liches
  A quicksilver dragon (Depths:4)
  3 titans
  A deep elf blademaster (Elf:3)
  A sphinx (Depths:4)
  15 acid blobs
  Frances (Shoals:2)
  3 death cobs (Zot:1)
  2 draconian monks (Zot:1)
  5 tentacled starspawn
  Gastronok (D:11)
  6 tengu reavers
  3 storm dragons
  11 frost giants
  A daeva (Abyss:3)
  2 shadow dragons
  7 nagarajas
  9 fire giants
  4 azure jellies
  A draconian knight (Zot:1)
  A balrug (Depths:1)
  9 vault wardens
  An iron dragon (Depths:4)
  Aizul (Vaults:2)
  9 deep elf sorcerers
  A juggernaut zombie (D:15)
  3 deep elf elementalists
  A draconian shifter (Zot:1)
  A draconian stormcaller (Zot:1)
  A spriggan defender (Depths:2)
  6 ironheart preservers
  A draconian annihilator (Depths:5)
  21 very ugly things
  2 war gargoyles (Depths:3)
  An entropy weaver (Vaults:4)
  3 vampire knights
  7 deep elf demonologists
  8 deep elf annihilators
  20 stone giants
  A yellow draconian (Depths:5)
  2 black draconians
  A green draconian (Depths:5)
  2 purple draconians
  3 white draconians
  2 red draconians
  10 spark wasps
  A green death (Abyss:2)
  14 ettins
  7 deep elf death magi
  A blizzard demon (Abyss:4)
  7 merfolk javelineers
  10 fire dragons
  5 crystal guardians
  An eidolon (Abyss:4)
  2 minotaurs
  The ghost of namelastname112 the Fighter, a journeyman DrAs of Xom (D:11)
  14 great orbs of eyes
  2 jiangshi (Depths:4)
  5 death oozes
  2 merfolk impalers (Shoals:4)
  14 yaktaur captains
  A quicksilver dragon zombie (Abyss:4)
  7 vault guards
  5 deep elf high priests
  9 ice dragons
  A minotaur (shapeshifter) (Abyss:4)
  4 rakshasas
  12 naga warriors
  The ghost of Feta the Blocker, a journeyman FoFi of Elyvilon (D:9)
  5 hydras
  7 merfolk aquamancers
  7 catoblepae
  4 spriggan air magi
  3 merfolk avatars
  An alligator (shapeshifter) (Depths:3)
  13 death yaks
  15 centaur warriors
  A death knight (Vaults:3)
  17 anacondas
  35 two-headed ogres
  11 ogre magi
  8 deep troll earth magi
  4 satyrs
  4 tengu warriors
  4 vampire magi
  The ghost of komo4ek the Magician, a novice GnWn of Cheibriados (D:8)
  4 hell hogs
  7 deep troll shamans
  29 dancing weapons
  11 thrashing horrors
  19 naga sharpshooters
  25 deep elf knights
  A soul eater (Abyss:2)
  9 shock serpents
  Urug (D:11)
  A spriggan berserker (Depths:2)
  2 hell knights (Vaults:2)
  A titan skeleton (Abyss:2)
  5 wretched stars
  3 spatial maelstroms
  2 salamander mystics
  2 skeletal warriors (D:15)
  An iron troll (Depths:5)
  2 shadow wraiths
  11 unseen horrors
  13 sea snakes
  20 starcursed masses
  14 deep trolls
  A shadow demon (Abyss:4)
  4 wizards
  7 naga ritualists
  10 ironbrand convokers
  An orange crystal statue (Depths:1)
  4 flayed ghosts
  22 deep elf archers
  9 harpies
  A swamp dragon (Abyss:4)
  2 phantasmal warriors
  Pikel (D:4)
  19 large abominations
  A wolf spider zombie (D:15)
  6 orc knights
  A harpy (shapeshifter) (Vaults:3)
  3 oklob plants (Lair:5)
  46 ugly things
  2 necromancers
  63 deep elf magi
  13 manticores
  11 mana vipers
  An orb spider (shapeshifter) (Depths:2)
  4 wolf spiders
  4 worldbinders
  A stone giant zombie (D:15)
  3 apocalypse crabs
  22 fauns
  7 moths of wrath (Zot:1)
  An elephant (shapeshifter) (Depths:3)
  4 orc sorcerers
  A moth of wrath (shapeshifter) (Depths:1)
  12 salamanders
  24 naga magi
  9 cyclopes
  19 elephants
  A water nymph (shapeshifter) (Depths:4)
  7 merfolk sirens
  An orange demon (Abyss:2)
  23 guardian serpents
  34 black mambas
  5 water nymphs
  A black mamba (shapeshifter) (Depths:2)
  An ice statue (IceCv)
  2 molten gargoyles (Volcano)
  5 gargoyles
  3 rust devils (Abyss:2)
  10 vault sentinels
  7 freezing wraiths
  4 spiny frogs
  3 smoke demons
  Psyche (D:10)
  The ghost of Nanban the Covert, a novice OpAs (D:5)
  4 efreet
  7 komodo dragons
  20 small abominations
  2 yaktaurs (shapeshifter) (Vaults:1)
  4 ancient zymes
  3 tengu conjurers
  47 yaktaurs
  A hellwing (Abyss:2)
  A jumping spider (Vaults:4)
  14 trolls
  3 meliai (Shoals:3)
  2 meliai (shapeshifter)
  15 polar bears
  26 merfolk
  A minotaur zombie (Abyss:2)
  A wind drake (Shoals:4)
  18 raiju
  2 hornets (shapeshifter)
  2 hornets
  A slime creature (shapeshifter) (Depths:2)
  Prince Ribbit (D:9)
  A meliai zombie (D:14)
  A wind drake (shapeshifter) (Depths:2)
  26 dream sheep
  47 slime creatures
  A snapping turtle (shapeshifter) (Depths:1)
  5 hippogriffs
  28 blink frogs
  7 snapping turtles
  7 ynoxinuls
  10 air elementals
  2 spriggans (shapeshifter)
  A spriggan zombie (D:15)
  A shadow (D:15)
  5 wraiths
  3 redbacks (Vaults:4)
  71 yaks
  A basilisk (shapeshifter) (D:14)
  A hog (shapeshifter) (Vaults:1)
  A basilisk (Lair:6)
  14 water elementals
  5 wyverns
  Eustachio (D:4)
  8 fire elementals
  7 vampire mosquitoes
  5 golden eyes (Slime:2)
  A steam dragon (D:8)
  5 hungry ghosts
  2 chaos spawn
  2 neqoxecs (Abyss:2)
  A human simulacrum (Vaults:2)
  A tengu zombie (D:15)
  A warg (Vaults:1)
  A soldier ant (D:13)
  68 nagas
  4 spatial vortices
  An acid dragon (D:12)
  Duvessa (D:7)
  4 insubstantial wisps (Abyss:2)
  A floating eye (Depths:3)
  11 hell hounds
  7 water moccasins
  7 porcupines
  4 slaves (D:4)
  3 ice beasts
  30 orc warriors
  4 eyes of draining
  4 sky beasts
  4 phantoms
  3 black bears
  An eye of draining (shapeshifter) (Vaults:1)
  39 ogres
  A boggart (shapeshifter) (Depths:1)
  11 boggarts
  8 necrophages
  25 wolves
  25 centaurs
  A centaur (shapeshifter) (Depths:2)
  10 crocodiles
  Blork the orc (D:5)
  4 big kobolds
  18 bullfrogs
  4 gnoll sergeants
  A wyvern zombie (D:11)
  8 earth elementals
  Dowan (D:7)
  3 scorpions
  5 killer bees (D:11)
  10 wights
  7 electric eels
  7 crimson imps
  A bullfrog zombie (D:12)
  6 centaur zombies
  17 hounds
  6 iron imps
  12 orc priests
  5 jellies
  17 orc wizards
  8 quasits
  6 centaur skeletons
  Ijyb (D:4)
  5 bullfrog skeletons
  Jessica (D:3)
  A gnoll shaman (D:6)
  3 iguanas
  9 worker ants
  A killer bee zombie (D:10)
  A hound skeleton (D:6)
  6 worker ant zombies
  19 gnolls
  17 adders
  5 shadow imps
  2 white imps
  An ufetubus (Abyss:2)
  An adder zombie (D:9)
  2 adder skeletons
  5 worms
  A dart slug (D:1)
  8 leopard geckos
  83 orcs
  10 bats
  5 giant cockroaches
  17 goblins
  11 hobgoblins
  6 jackals
  5 quokkas
  5 frilled lizards
  26 kobolds
  A leopard gecko zombie (D:3)
  13 rats
  A bush (Shoals:1)
  5 crawling corpses (Elf:3)
  5 starspawn tentacles
2276 creatures vanquished.

Vanquished Creatures (collateral kills)
  A caustic shrike (Depths:5)
  2 deep elf blademasters (Elf:3)
  Polyphemus (Shoals:2)
  Ilsuiw (Shoals:4)
  An orc warlord (Bailey)
  A draconian shifter (Depths:5)
  Louise (Shoals:2)
  A stone giant (Vaults:3)
  A very ugly thing (Vaults:4)
  2 deep elf annihilators (Elf:3)
  A deep elf death mage (Elf:3)
  2 deep elf high priests (Elf:3)
  Fannar (Lair:1)
  2 ogre magi
  A yaktaur captain (Depths:5)
  An ice dragon (Depths:2)
  2 hydras
  2 centaur warriors
  3 two-headed ogres
  A death knight (Vaults:2)
  A dancing weapon (Elf:3)
  A death yak (Shoals:2)
  A spriggan berserker (Depths:2)
  An iron troll (Depths:5)
  A deep troll (Orc:2)
  A flayed ghost (Depths:2)
  A sea snake (Shoals:2)
  A necromancer (Vaults:2)
  3 orc knights
  An ironbrand convoker (Vaults:2)
  A shining eye (Slime:4)
  A harpy (Vaults:2)
  2 ugly things
  A cyclops (D:15)
  A faun (Shoals:4)
  An elephant (Lair:6)
  A merfolk siren (Shoals:1)
  A naga mage (Snake:4)
  A water nymph (Shoals:2)
  A yaktaur (Depths:2)
  2 trolls
  A wind drake (Shoals:1)
  3 merfolk (Shoals:4)
  2 slime creatures
  2 hornets (Depths:2)
  3 snapping turtles
  2 spriggans (Depths:2)
  4 water elementals
  2 yaks (Lair:6)
  A naga (Snake:4)
  6 ogres
  2 centaurs (D:13)
  A crocodile (Lair:6)
  A scorpion (D:8)
  3 wights (D:10)
  A starcursed mass (Abyss:4)
  A jelly (D:13)
  An orc wizard (Orc:2)
  A gnoll (D:8)
  14 orcs
  A goblin (Bailey)
  A hobgoblin (Bailey)
  A fungus (Lair:5)
  A plant (Depths:2)
108 creatures vanquished.

Vanquished Creatures (others)
  A golden dragon (Depths:2)
  An ironheart preserver (Vaults:2)
  A vampire knight (Depths:4)
  A deep elf demonologist (Elf:3)
  A deep elf annihilator (Elf:3)
  A yaktaur captain (Vaults:1)
  A naga warrior (Snake:4)
  A centaur warrior (D:15)
  2 satyrs
  2 naga sharpshooters
  A deep elf knight (Elf:2)
  4 deep elf archers
  A naga ritualist (Snake:4)
  A manticore (Lair:6)
  3 fauns
  3 cyclopes
  6 yaktaurs
  An air elemental (Elf:3)
  4 nagas
  An orc warrior (Orc:2)
  A sky beast (Abyss:3)
  2 centaurs
  An orc wizard (Vaults:4)
  2 orcs
  A bush (Shoals:1)
  21 fungi
  5 lurking horrors
  67 plants
  5 starspawn tentacles
  15 toadstools (Lair:1)
157 creatures vanquished.

Grand Total: 2541 creatures vanquished

Notes
Turn   | Place    | Note
-------+----------+-------------------------------------------
     0 | D:1      | Jatast the Deep Dwarf Monk began the quest for the Orb.
     0 | D:1      | Reached XP level 1. HP: 20/20 MP: 1/1
   190 | D:1      | Reached XP level 2. HP: 22/28 MP: 2/2
   730 | D:1      | Reached XP level 3. HP: 21/34 MP: 3/3
  1091 | D:2      | Found a stormy altar of Qazlal.
  1214 | D:2      | Reached XP level 4. HP: 26/44 MP: 3/3
  1613 | D:3      | Found a glowing silver altar of Zin.
  1870 | D:3      | Noticed Jessica
  1881 | D:3      | Killed Jessica
  1881 | D:3      | Reached skill level 5 in Axes
  1915 | D:3      | Reached XP level 5. HP: 33/50 MP: 4/4
  2793 | D:4      | Reached skill level 1 in Armour
  3205 | D:4      | Noticed Eustachio
  3236 | D:4      | Killed Eustachio
  3236 | D:4      | Reached XP level 6. HP: 47/60 MP: 5/5
  3331 | D:4      | Reached skill level 5 in Fighting
  3384 | D:4      | Noticed Ijyb
  3440 | D:4      | Killed Ijyb
  3590 | D:4      | Reached XP level 7. HP: 67/67 MP: 6/6
  3620 | D:4      | Noticed Pikel
  3822 | D:4      | Paralysed by Pikel for 5 turns
  3849 | D:4      | Paralysed by Pikel for 5 turns
  3870 | D:4      | Paralysed by Pikel for 6 turns
  3883 | D:4      | Paralysed by Pikel for 7 turns
  3955 | D:4      | Killed Pikel
  3955 | D:4      | Reached skill level 5 in Dodging
  4298 | D:4      | Reached XP level 8. HP: 27/76 MP: 7/7
  4319 | D:5      | Entered Level 5 of the Dungeon
  4324 | D:5      | Found a glowing golden altar of the Shining One.
  4395 | D:5      | Noticed Blork the orc
  4437 | D:5      | Killed Blork the orc
  4472 | D:5      | Noticed Nanban's ghost (novice OpAs)
  4558 | D:5      | Killed Nanban's ghost
  4558 | D:5      | Reached skill level 5 in Armour
  4873 | D:5      | Found a snail-covered altar of Cheibriados.
  5020 | D:5      | Found a staircase to the Ecumenical Temple.
  5025 | Temple   | Entered the Ecumenical Temple
  5230 | Temple   | Became a worshipper of Makhleb the Destroyer
  5230 | Temple   | Reached * piety under Makhleb
  5230 | Temple   | Reached ** piety under Makhleb
  5705 | D:6      | Gained mutation: You passively map the area around you. [Deep Dwarf growth]
  5705 | D:6      | Reached XP level 9. HP: 84/86 MP: 7/7
  6340 | D:6      | Reached *** piety under Makhleb
  6580 | D:6      | Reached skill level 1 in Invocations
  7220 | D:7      | Noticed Duvessa
  7229 | D:7      | Reached skill level 1 in Shields
  7234 | D:7      | Noticed Dowan
  7262 | D:7      | Killed Duvessa
  7348 | D:7      | Killed Dowan
  7526 | D:7      | Reached **** piety under Makhleb
  7550 | D:7      | Noticed a two-headed ogre
  7562 | D:7      | Noticed an orange demon
  7690 | D:7      | Reached skill level 5 in Invocations
  7760 | D:7      | Found a flagged portal.
  7767 | Bailey   | Entered a bailey
  7789 | Bailey   | Noticed an orc warlord
  7810 | Bailey   | Reached XP level 10. HP: 96/96 MP: 11/11
  7975 | Bailey   | Found a runed gate.
  7976 | Bailey   | Found a runed gate.
  7988 | Bailey   | Found a runed gate.
  8201 | Bailey   | Killed an orc warlord
  8201 | Bailey   | Reached skill level 5 in Shields
  8438 | Bailey   | Identified 2 scrolls of acquirement
  8528 | D:7      | Killed a two-headed ogre
  8709 | D:8      | Noticed komo4ek's ghost (novice GnWn)
  8952 | D:8      | Killed komo4ek's ghost
  8996 | D:8      | Found a deep blue altar of Sif Muna.
  9273 | D:8      | Noticed a two-headed hydra
  9280 | D:8      | Killed a one-headed hydra
  9280 | D:8      | Reached XP level 11. HP: 84/104 MP: 13/13
  9618 | D:9      | Reached skill level 1 in Long Blades
  9642 | D:9      | Noticed a two-headed ogre
  9660 | D:9      | Killed a two-headed ogre
  9724 | D:9      | Noticed Feta's ghost (journeyman FoFi)
  9782 | D:9      | Noticed Prince Ribbit
  9792 | D:9      | Killed Feta's ghost
  9797 | D:9      | Killed Prince Ribbit
  9809 | D:9      | Found a staircase to the Lair.
 10069 | D:9      | Found an iron altar of Okawaru.
 10071 | D:9      | Found an ancient bone altar of Kikubaaqudgha.
 10329 | D:9      | Found a shimmering altar of Xom.
 10443 | D:10     | Entered Level 10 of the Dungeon
 10488 | D:10     | Noticed Psyche
 10497 | D:10     | Killed Psyche
 10527 | D:10     | Reached skill level 5 in Long Blades
 10661 | D:10     | Noticed a two-headed ogre
 10673 | D:10     | Killed a two-headed ogre
 10776 | D:10     | Reached skill level 10 in Shields
 10798 | D:10     | Reached ***** piety under Makhleb
 10825 | D:10     | Noticed a two-headed ogre
 10838 | D:10     | Killed a two-headed ogre
 11357 | D:11     | Noticed Gastronok
 11379 | D:11     | Killed Gastronok
 11379 | D:11     | Reached XP level 12. HP: 84/112 MP: 14/14
 11534 | D:11     | Noticed namelastname112's ghost (journeyman DrAs)
 11577 | Lair:1   | Entered Level 1 of the Lair of Beasts
 11705 | Lair:1   | Noticed Fannar
 11714 | Lair:1   | Killed Fannar
 12155 | Lair:1   | Found a blossoming altar of Fedhas.
 12435 | Lair:2   | Found a staircase to the Snake Pit.
 12519 | Lair:2   | Found a staircase to the Shoals.
 13526 | Lair:3   | Noticed an eight-headed hydra
 13547 | Lair:3   | Killed a seven-headed hydra
 13604 | Lair:3   | Got a slimy crystal amulet
 14440 | Lair:4   | Found a dark tunnel.
 14456 | Lair:4   | Identified the amulet of Autotheism {Reflect rElec rC- Int-3 SH+2 SInv} (You found it on level 3 of the Lair of Beasts)
 14458 | Volcano  | Entered a volcano
 14512 | Volcano  | Reached skill level 10 in Long Blades
 14596 | Volcano  | Reached XP level 13. HP: 97/118 MP: 15/15
 15795 | Lair:5   | Found a staircase to the Slime Pits.
 16273 | Lair:6   | Entered Level 6 of the Lair of Beasts
 16321 | Lair:6   | Gained mutation: You resist negative energy. (rN+) [Deep Dwarf growth]
 16321 | Lair:6   | Reached XP level 14. HP: 127/127 MP: 16/16
 17013 | Lair:6   | Reached skill level 15 in Shields
 17215 | Lair:6   | Reached skill level 1 in Throwing
 17215 | Lair:6   | Reached XP level 15. HP: 134/134 MP: 17/17
 17288 | Lair:6   | Reached ****** piety under Makhleb
 17924 | D:11     | Killed namelastname112's ghost
 18123 | D:11     | Noticed Urug
 18139 | D:11     | Killed Urug
 18658 | D:12     | Reached skill level 10 in Armour
 19152 | D:12     | Found a staircase to the Orcish Mines.
 19161 | D:12     | Reached skill level 10 in Dodging
 19498 | D:13     | Noticed Rupert
 19513 | D:13     | Killed Rupert
 19748 | D:13     | Found a labyrinth entrance.
 19755 | Lab      | Entered a labyrinth
 19934 | Lab      | Identified the Almanac of Warped Lightness
 19942 | Lab      | Identified the cursed +1 chain mail of Analysis {Int+2} (You found it in a labyrinth)
 20027 | D:13     | Reached skill level 10 in Fighting
 20102 | D:13     | Found a snail-covered altar of Cheibriados.
 21167 | D:14     | Reached skill level 5 in Throwing
 21178 | D:14     | Found a frozen archway.
 21211 | IceCv    | Entered an ice cave
 21257 | IceCv    | Found the ring of the Octopus King
 21270 | IceCv    | Got a ring of the Octopus King
 21271 | IceCv    | Identified a ring of the Octopus King {rF+ AC+1 EV+1 Str+1 Int+1 Dex+1} (You found it in an ice cave)
 21566 | IceCv    | Noticed a frost giant
 21579 | IceCv    | Reached XP level 16. HP: 146/146 MP: 19/19
 21614 | IceCv    | Reached skill level 1 in Evocations
 22640 | D:14     | Found a gate to the Vaults.
 22775 | D:15     | Entered Level 15 of the Dungeon
 22812 | D:15     | Reached skill level 10 in Invocations
 22866 | D:15     | Found a staircase to the Depths.
 23269 | D:15     | Reached skill level 5 in Evocations
 24072 | Snake:1  | Entered Level 1 of the Snake Pit
 25332 | Snake:2  | Reached XP level 17. HP: 149/157 MP: 20/20
 27199 | Snake:4  | Entered Level 4 of the Snake Pit
 27250 | Snake:4  | Found Ipnogge's Assorted Antiques.
 27254 | Snake:4  | Found Bap Wycellej's Book Shoppe.
 28038 | Snake:4  | Gained mutation: You passively map a large area around you. [Deep Dwarf growth]
 28038 | Snake:4  | Reached XP level 18. HP: 169/169 MP: 23/23
 28359 | Snake:4  | Got a serpentine rune of Zot
 28623 | Orc:1    | Entered Level 1 of the Orcish Mines
 28640 | Orc:1    | Found Ecred's Magic Scroll Boutique.
 29109 | Orc:2    | Entered Level 2 of the Orcish Mines
 29109 | Orc:2    | Found Cezoov's Weapon Shop.
 29134 | Orc:2    | Found Iheluat's Armour Shop.
 29170 | Orc:2    | Found a staircase to the Elven Halls.
 29295 | Orc:2    | Found Itetik's Assorted Antiques.
 29302 | Orc:2    | Found Mudopseps's Antique Weapon Shop.
 29303 | Orc:2    | Bought a potion of might for 80 gold pieces
 29420 | Orc:2    | Found Muigok's Food Shoppe.
 29447 | Orc:2    | Found Jumug's General Store.
 29448 | Orc:2    | Found Ihebryoco's Armour Shop.
 29542 | Orc:2    | Found a roughly hewn altar of Beogh.
 29588 | Orc:2    | Found Gismiyse's Food Emporium.
 29608 | Orc:2    | Bought a scroll of teleportation for 42 gold pieces
 30304 | Shoals:1 | Entered Level 1 of the Shoals
 31314 | Shoals:2 | Noticed Polyphemus
 31348 | Shoals:2 | Killed Polyphemus
 31348 | Shoals:2 | Reached skill level 15 in Long Blades
 31391 | Shoals:2 | Noticed Frances
 31421 | Shoals:2 | Killed Frances
 31464 | Shoals:2 | Noticed Louise
 31480 | Shoals:2 | Killed Louise
 32083 | Shoals:3 | Found Jiah's Magic Scroll Boutique.
 32155 | Shoals:3 | Reached XP level 19. HP: 178/178 MP: 24/24
 32159 | Shoals:3 | Reached skill level 15 in Invocations
 32204 | Shoals:3 | Found a hide-covered altar of Uskayaw.
 32779 | Shoals:4 | Entered Level 4 of the Shoals
 32962 | Shoals:4 | Noticed Ilsuiw
 33008 | Shoals:4 | Killed Ilsuiw
 33268 | Shoals:4 | Reached skill level 15 in Armour
 33432 | Shoals:4 | Got a barnacled rune of Zot
 34082 | Vaults:1 | Entered Level 1 of the Vaults
 35026 | Vaults:1 | Reached XP level 20. HP: 190/190 MP: 26/26
 35298 | Vaults:2 | Found a staircase to the Crypt.
 35298 | Vaults:2 | Found a basalt altar of Yredelemnul.
 35299 | Vaults:2 | Found an ancient bone altar of Kikubaaqudgha.
 35628 | Vaults:2 | Noticed Aizul
 35637 | Vaults:2 | Killed Aizul
 35977 | Vaults:2 | Noticed Sojobo
 36008 | Vaults:2 | Killed Sojobo
 36226 | Vaults:2 | Noticed Margery
 36243 | Vaults:2 | Killed Margery
 36610 | Orc:1    | Bought a scroll of brand weapon for 280 gold pieces
 38161 | Vaults:3 | Reached skill level 15 in Fighting
 38215 | Vaults:3 | Reached XP level 21. HP: 88/201 MP: 27/27
 40884 | Depths:1 | Entered Level 1 of the Depths
 40908 | Depths:1 | Found a gateway to a ziggurat.
 41347 | Depths:1 | Noticed a golden dragon
 41383 | Depths:1 | Killed a golden dragon
 41643 | Depths:1 | Found a gateway to Hell.
 43023 | Depths:2 | Found a shattered altar of Ashenzari.
 43023 | Depths:2 | Found an ornate altar of the Wu Jian Council.
 43024 | Depths:2 | Found a shimmering altar of Xom.
 43378 | Depths:2 | Reached XP level 22. HP: 212/212 MP: 29/29
 43428 | Depths:2 | Noticed a juggernaut
 43439 | Depths:2 | Killed a juggernaut
 43767 | Depths:2 | Noticed a golden dragon
 43792 | Depths:2 | Killed a golden dragon
 43874 | Depths:2 | Identified the +0 falchion "Teqaoph" {flame, Int+3} (You found it on level 2 of the Depths)
 43914 | Depths:2 | Got a scintillating iron ring
 43915 | Depths:2 | Identified the ring of Dyajeug {rF++ Stlth+} (You found it on level 2 of the Depths)
 43916 | Depths:2 | Identified the Catalogue of Moulding
 44049 | Depths:2 | Noticed a golden dragon
 44074 | Depths:2 | Killed a golden dragon
 44722 | Depths:3 | Found a one-way gate leading to the halls of Pandemonium.
 45030 | Depths:3 | Noticed a golden dragon
 45045 | Depths:3 | Killed a golden dragon
 45241 | Depths:3 | Noticed Jorgrun
 45252 | Depths:3 | Killed Jorgrun
 45798 | Depths:4 | Reached XP level 23. HP: 194/223 MP: 31/31
 45905 | Depths:4 | Found a runed door.
 45905 | Depths:4 | Found a runed door.
 46134 | Depths:4 | Found a one-way gate to the infinite horrors of the Abyss.
 46221 | Depths:4 | Found Kimoeb's Jewellery Emporium.
 46223 | Depths:4 | Found Izonolao's Gadget Boutique.
 46224 | Depths:4 | Found Zoasucoodgh's Jewellery Emporium.
 46889 | Depths:5 | Entered Level 5 of the Depths
 46980 | Depths:5 | Found a sparkling altar of Nemelex Xobeh.
 47237 | Depths:5 | Found a gate to the Realm of Zot.
 47562 | Depths:5 | Noticed a caustic shrike
 47581 | Depths:5 | Killed a caustic shrike
 47599 | Depths:5 | Noticed a caustic shrike
 47601 | Depths:5 | Noticed a caustic shrike
 47602 | Depths:5 | Noticed a caustic shrike
 47612 | Depths:5 | Killed a caustic shrike
 47620 | Depths:5 | Killed a caustic shrike
 47624 | Depths:5 | Killed a caustic shrike
 47748 | Depths:5 | Noticed a caustic shrike
 47748 | Depths:5 | Noticed a caustic shrike
 47748 | Depths:5 | Noticed a caustic shrike
 47748 | Depths:5 | Noticed a caustic shrike
 47756 | Depths:5 | Killed a caustic shrike
 47762 | Depths:5 | Killed a caustic shrike
 47766 | Depths:5 | Killed a caustic shrike
 47770 | Depths:5 | Killed a caustic shrike
 47859 | Depths:5 | Found a portal to a secret trove of treasure.
 48068 | Depths:5 | You paid a toll of a +6 demon blade to enter a treasure trove
 48069 | Trove    | Entered a treasure trove
 48074 | Trove    | Found the +10 large shield of Ignorance {rN+ Int-4}
 48085 | Trove    | Got a pair of faintly humming boots
 48093 | Trove    | Got an encrusted hat
 48097 | Trove    | Got a spiked chain mail
 48104 | Trove    | Got a heavily runed hat
 48122 | Depths:5 | Identified the +2 pair of boots of Pipnomug {MR+ Stlth+} (You found it in a treasure trove)
 48177 | Depths:5 | Identified the +0 hat "Fonub" {rElec Dex+2} (You found it in a treasure trove)
 48178 | Depths:5 | Identified the +8 chain mail of Integrity {*Drain MR+ Str+3 Dex+5} (You found it in a treasure trove)
 48179 | Depths:5 | Identified the +0 hat of Music {rF+} (You found it in a treasure trove)
 48282 | Depths:4 | Bought an uncursed ring of resist corrosion for 500 gold pieces
 48585 | Elf:1    | Entered Level 1 of the Elven Halls
 48622 | Elf:1    | Found a radiant altar of Vehumet.
 48762 | Elf:1    | Found Bier's Jewellery Emporium.
 49310 | Elf:1    | Reached XP level 24. HP: 231/236 MP: 31/31
 49659 | Elf:2    | Found a huge runed gate.
 49659 | Elf:2    | Found a huge runed gate.
 49659 | Elf:2    | Found a huge runed gate.
 49660 | Elf:2    | Found a huge runed gate.
 49661 | Elf:2    | Found a huge runed gate.
 50119 | Elf:2    | Found Gaecsyta's Antique Weapon Shoppe.
 50264 | Elf:2    | Found Tuimusch's Armour Shoppe.
 50363 | Elf:2    | Found Opofoc's Assorted Antiques.
 50531 | Elf:3    | Entered Level 3 of the Elven Halls
 50565 | Elf:3    | Found Woliema's Book Emporium.
 51750 | Elf:3    | Identified the amulet of Paxzust {Gourm Int+4} (You took it off a deep elf death mage on level 3 of the Elven Halls)
 51782 | Elf:3    | Got a scintillating turquoise ring
 51873 | Elf:3    | Identified the cursed ring of Wiphyopn {rN+ Str-4 Int+3 Dex-3} (You took it off a deep elf death mage on level 3 of the Elven Halls)
 51879 | Elf:3    | Identified the +7 great sword "Spiderbane" {elec, rC+ rN+ Str-5} (You found it on level 3 of the Elven Halls)
 51989 | Elf:3    | Identified the +4 morningstar of Midnight {drain, Str+3} (You found it on level 3 of the Elven Halls)
 52017 | Elf:3    | Identified the +9 battleaxe "Spider's Death" {elec, Int+7} (You found it on level 3 of the Elven Halls)
 52483 | Slime:1  | Entered Level 1 of the Pits of Slime
 52640 | Slime:4  | Gained mutation: Scrolls take you a little longer to read. [a shining eye]
 52692 | Slime:5  | Entered Level 5 of the Pits of Slime
 52812 | Slime:5  | Found a viscous altar of Jiyva.
 52816 | Slime:5  | Noticed the Royal Jelly
 52817 | Slime:5  | Found the +7 great mace "Firestarter" {inner flame, rF++}
 52843 | Slime:5  | Killed the Royal Jelly
 53314 | Slime:5  | Got a slimy rune of Zot
 53352 | Slime:5  | Identified the +5 flail "Ikigeyll" {crush, *Contam MR+ Str+3} (You found it on level 5 of the Pits of Slime)
 53397 | Slime:5  | Identified the +9 dagger of Dividends {pierce, Fragile MR+ Str+3} (You found it on level 5 of the Pits of Slime)
 53423 | Slime:5  | Got a scintillating tin ring
 53426 | Slime:5  | Identified the ring "Zyece" {MR+ MP+9 Str+2 SInv} (You found it on level 5 of the Pits of Slime)
 53429 | Slime:5  | Got a heavily runed lapis lazuli ring
 53432 | Slime:5  | Identified the ring of Keyx {+Inv Int+5} (You found it on level 5 of the Pits of Slime)
 53481 | Slime:5  | Identified the +7 lajatang "Xockosah" {vamp, rElec Str+3 Stlth-} (You found it on level 5 of the Pits of Slime)
 54263 | Depths:3 | Reached XP level 25. HP: 225/249 MP: 31/31
 54305 | Depths:3 | Noticed an ancient lich
 54323 | Depths:3 | Killed an ancient lich
 54357 | Depths:3 | Identified the cursed +0 pair of boots of Precision Catastrophes {rF+ Str+5} (You found it on level 3 of the Depths)
 54357 | Depths:3 | Identified Wudih's Tome of Boosts and Stones
 54384 | Depths:4 | Voluntarily entered the Abyss.
 54440 | Abyss:2  | Found a corrupted altar of Lugonu.
 54449 | Abyss:2  | Found a corrupted altar of Lugonu.
 55393 | Abyss:2  | Gained mutation: You are occasionally teleported next to monsters. [a neqoxec]
 55521 | Abyss:2  | Found an ancient bone altar of Kikubaaqudgha.
 55641 | Abyss:2  | Reached skill level 10 in Evocations
 55770 | Abyss:3  | Found a corrupted altar of Lugonu.
 55873 | Abyss:4  | Paralysed by you for 7 turns
 56301 | Abyss:4  | Paralysed by accursed screaming for 1 turns
 56314 | Abyss:4  | Paralysed by accursed screaming for 1 turns
 56381 | Abyss:4  | Got an abyssal rune of Zot
 56413 | Abyss:4  | Found a corrupted altar of Lugonu.
 56426 | Depths:4 | Escaped the Abyss
 56511 | Zot:1    | Entered Level 1 of the Realm of Zot
 57194 | Zot:1    | HP: 11/252 [purple draconian/trident (7)]
 57196 | Zot:1    | HP: 4/252 [death cob (7)]
 57196 | Zot:1    | Slain by a wandering mushroom

Skill      XL: |  1  2  3  4  5  6  7  8  9 10 11 12 13 14 15 16 17 18 19 20 21 22 23 24 25 |
---------------+----------------------------------------------------------------------------+-----
Fighting       | 3 4 5 7 8 10 11 12 13 14 15 16 18 19 | 19.9
Axes           | 4 5 |  5.2
Armour         | 2 4 6 7 8 10 12 13 14 15 16 17 19 20 21 22 | 22.4
Dodging        | 4 5 7 8 10 12 13 14 | 14.2
Invocations    | 5 8 9 11 13 14 16 17 19 20 | 20.0
Shields        | 4 7 10 13 14 15 16 17 18 19 20 21 22 | 22.7
Long Blades    | 7 10 13 14 15 16 | 16.0
Throwing       | 1 5 6 |  6.0
Evocations     | 7 8 12 | 12.0
Stealth        | |  2.4

Action                   |  1- 3 |  4- 6 |  7- 9 | 10-12 | 13-15 | 16-18 | 19-21 | 22-24 | 25-27 || total
-------------------------+-------+-------+-------+-------+-------+-------+-------+-------+-------++-------
Melee: Hand axe          |   154 |   129 |   114 |    10 |       |       |       |       |       ||   407
       Dagger            |       |   195 |   980 |       |       |       |       |       |       ||  1175
       Spear             |       |       |   223 |    79 |       |       |       |       |       ||   302
       Demon blade       |       |       |       |   681 |  1075 |  1995 |  2300 |  2154 |  1107 ||  9312
       Scimitar          |       |       |       |       |    25 |     5 |       |       |       ||    30
Throw: Tomahawk          |       |       |       |    22 |    75 |    87 |    96 |    27 |       ||   307
Invok: Lesser Servant of |       |       |     2 |    16 |     7 |    24 |    16 |    14 |     1 ||    80
       Minor Destruction |       |       |       |       |       |     1 |     3 |       |       ||     4
       Greater Servant o |       |       |       |       |       |       |     3 |     7 |     2 ||    12
       Major Destruction |       |       |       |       |       |       |       |    14 |       ||    14
 Abil: Heal Wounds       |     1 |     1 |     5 |     2 |       |     5 |     1 |     7 |       ||    22
Evoke: Wand              |       |       |       |     2 |    10 |    24 |    13 |     9 |       ||    58
  Use: Scroll            |       |    14 |     5 |    14 |     4 |     3 |    11 |    27 |     5 ||    83
       Potion            |       |     3 |       |       |     1 |       |       |    10 |     3 ||    17
 Stab: Sleeping          |     2 |     3 |       |       |       |       |       |       |       ||     5
       Distracted        |       |       |       |     6 |     1 |     7 |     7 |     3 |     1 ||    25
       Petrified         |       |       |       |       |     4 |       |       |       |       ||     4
       Paralysed         |       |       |       |       |       |     4 |       |       |       ||     4
       Petrifying        |       |       |       |       |       |     2 |       |       |       ||     2
  Eat: Chunk             |     1 |     6 |    12 |    23 |    20 |    27 |    28 |    21 |     6 ||   144
       Ration            |       |     2 |     4 |       |     1 |     3 |     4 |     7 |       ||    21
Armor: Ring mail         |    42 |    76 |       |       |       |       |       |       |       ||   118
       Robe              |     1 |       |       |       |       |       |       |       |       ||     1
       Scale mail        |       |    36 |   193 |       |       |       |       |       |       ||   229
       Chain mail        |       |       |   450 |   232 |   225 |   440 |   347 |       |       ||  1694
       Gold dragon scale |       |       |       |       |       |       |   127 |   598 |   417 ||  1142
       Ice dragon scales |       |       |       |       |       |       |    71 |       |       ||    71
Dodge: Dodged            |    94 |   194 |   650 |   229 |   195 |   627 |   692 |   356 |   302 ||  3339
Block: Shield            |       |       |   115 |   456 |   640 |  1476 |  1542 |   226 |       ||  4455
       Reflection        |       |       |       |       |    32 |   239 |   149 |   158 |    26 ||   604
       Large shield      |       |       |       |       |       |       |       |  1690 |  1379 ||  3069
       Rpst.: Demon blade |       |       |       |    50 |    36 |   128 |   102 |    54 |    46 ||   416
